 Dungeon Crawl Stone Soup version 0.27-a0-668-gb5737ff2c0 (webtiles) character file.

Game seed: 3491870772138124347

23 Lanoc the Vexing (level 2, -4/25 HPs)
             Began as a Palentonga Wanderer on Mar 18, 2021.
             Slain by an ogre
             ... wielding a +0 giant club
              (23 damage)
             ... on level 2 of the Dungeon.
             The game lasted 00:01:20 (745 turns).

Lanoc the Vexing (Palentonga Wanderer)               Turns: 745, Time: 00:01:20

Health: -4/25      AC:  8    Str: 16    XL:     2   Next: 75%
Magic:  5/5        EV:  7    Int: 11    God:
Gold:   8          SH:  3    Dex:  9    Spells: 5/5 levels left

rFire    . . .     SeeInvis +   a - +0 club
rCold    . . .     Faith    .   c - +0 buckler
rNeg     . . .     Spirit   .   d - +2 scale mail
rPois    .         Reflect  .   (no helmet)
rElec    .         Harm     .   (no cloak)
rCorr    .         Rampage  .   (no gloves)
Will     .....                  (no barding)
Stlth    ..........             (no amulet)
HPRegen  0.08/turn              (no ring)
MPRegen  0.09/turn              (no ring)

@: no status effects
A: large, rugged brown scales 3, see invisible, deformed body, roll 1, armoured
tail
a: Rolling Charge


You were on level 2 of the Dungeon.
You visited 1 branch of the dungeon, and saw 3 of its levels.

You collected 8 gold pieces.

Inventory:

Hand Weapons
 a - a +0 club (weapon)
Armour
 c - a +0 buckler (worn)
 d - a +2 scale mail (worn)
Wands
 g - a wand of paralysis (4)
Potions
 b - a potion of curing
 e - 2 potions of berserk rage {unknown}
 f - a potion of heal wounds {unknown}
 h - a potion of might {unknown}


   Skills:
 + Level 1.7 Fighting
 - Level 1.5 Armour
 + Level 1.0 Dodging
 + Level 1.5 Shields
 - Level 2.0 Spellcasting
 - Level 2.0 Hexes
 - Level 1.0 Poison Magic
 - Level 1.0 Evocations


You had 5 spell levels left.
You didn't know any spells.
Your spell library was empty.

Dungeon Overview and Level Annotations

Branches:
Dungeon (3/15)

Altars:


Innate Abilities, Weirdness & Mutations

You are completely covered in rugged brown scales. (AC +3, +7% HP)
You have supernaturally acute eyesight. (SInv)
Armour fits poorly on your strangely shaped body.
You can roll at nearby foes to attack.
You have a long armoured tail.


Message History

Found a stone staircase leading up.
Roll where?
Press: ? - help, Dir - move target, f - frilled lizard
Aim: a frilled lizard You roll forward with a clatter of scales!
You miss the frilled lizard. The frilled lizard bites you.
You hit the frilled lizard but do no damage.
Your tail-slap misses the frilled lizard.
The frilled lizard bites you but does no damage.
You closely miss the frilled lizard.
The frilled lizard bites you but does no damage.
The frilled lizard barely misses you.
You miss the frilled lizard.
An ogre comes into view. It is wielding a +0 giant club.
The frilled lizard bites you.
You closely miss the frilled lizard. The frilled lizard barely misses you.
You barely miss the frilled lizard. You block the frilled lizard's attack.
The frilled lizard closely misses you.
Your scale mail prevents you from hitting the frilled lizard.
The frilled lizard bites you but does no damage.
There is a stone staircase leading up here.
The frilled lizard bites you but does no damage.
You block the ogre's attack.
You climb upwards.
The goblin shouts!
An adder comes into view.
There is a stone staircase leading down here.
You aren't carrying any scrolls.
Okay, then.
You miss the frilled lizard.
Your tail-slap misses the frilled lizard.
The frilled lizard barely misses you. The ogre completely misses you.
You barely miss the frilled lizard.
The frilled lizard bites you but does no damage.
The ogre hits you with a +0 giant club. The frilled lizard bites you.
You closely miss the frilled lizard. You block the ogre's attack.
The frilled lizard barely misses you.
The ogre hits you with a +0 giant club!!
Ouch! That really hurt!
You die...

..#.#
.#.#
...#
#..#
#..#


gS# #######O# ......l@# ######### You could see an ogre, an adder, a goblin and
a frilled lizard.

Vanquished Creatures
  An adder (D:3)
  A worm (D:3)
  2 giant cockroaches (D:1)
  A goblin (D:1)
  A hobgoblin (D:1)
  A ball python (D:1)
  6 rats
13 creatures vanquished.

Vanquished Creatures (others)
  2 fungi (D:1)
2 creatures vanquished.

Grand Total: 15 creatures vanquished

Notes
Turn   | Place    | Note
-------+----------+-------------------------------------------
     0 | D:1      | Lanoc the Palentonga Wanderer began the quest for the Orb.
     0 | D:1      | Lanoc set off with the following items: a +0 club, a potion
                  | of curing, a +0 buckler, a +2 scale mail
     0 | D:1      | Reached XP level 1. HP: 17/17 MP: 3/3
    92 | D:1      | Reached XP level 2. HP: 9/24 MP: 5/5
   359 | D:3      | Reached skill level 1 in Dodging
   716 | D:3      | Noticed an ogre
   745 | D:2      | Slain by an ogre

Illustrated notes

Levels and vault maps discovered:
D:1:      dpeg_arrival_prison, layout_loops_ring
D:2:      layout_basic, serial_undead, serial_undead_e, serial_undead_b,
          serial_undead_d, serial_undead_e, uniq_jessica
D:3:      layout_basic, serial_shops, shop, kennysheep_generic_room_2,
          uniq_grinder

Skill      XL: |  1  2 |
---------------+-------+-----
Dodging        | 1 |  1.0
Fighting       | |  1.7
Armour         | |  1.5
Shields        | |  1.5
Spellcasting   | |  2.0
Hexes          | |  2.0
Poison Magic   | |  1.0
Evocations     | |  1.0

Action                   || total
-------------------------++-------
Melee: Club              ||    64
       Tailslap          ||     9
 Abil: Rolling Charge    ||    10
Armor: Scale mail        ||    34
Dodge: Dodged            ||    25
Block: Buckler           ||    13

Table legend: (Time is in decaauts)
 A = Elapsed time spent in this place.
 B = Non-inter-level travel time spent in this place.
 C = Inter-level travel time spent in this place.
 D = Time resting spent in this place.
 E = Time spent auto-exploring this place.
 F = Levels seen in this place.
 G = Mean time per level.
                   A        B        C        D        E       F      G
               +--------+--------+--------+--------+--------+-----+--------+
         Total |    766 |    755 |     11 |      0 |    617 |   3 |  255.3 |
       Dungeon |    766 |    755 |     11 |      0 |    617 |   3 |  255.3 |
               +--------+--------+--------+--------+--------+-----+--------+

Top non-repeatable levels by time:
     D:3: 442 daAuts
     D:1: 287 daAuts
     D:2: 37 daAuts
